 Dungeon Crawl Stone Soup version 0.16-a0-2040-g47efe85 (webtiles) character file.

1736 Samadhi the Arsonist (level 8, -1/67 HPs)
             Began as a Salamander Fire Elementalist on Nov 11, 2014.
             Was an Initiate of Vehumet.
             Slain by an orc
             ... wielding a +0 hand axe
              (5 damage)
             ... on level 7 of the Dungeon.
             The game lasted 00:53:45 (7377 turns).

Samadhi the Arsonist (Salamander Fire Elementalist) Turns: 7377, Time: 00:53:45

Health: -1/67      AC:  7    Str:  8    XL:     8   Next: 76%
Magic:  10/18      EV: 12    Int: 19    God:    Vehumet [......]
Gold:   176        SH:  0    Dex: 15    Spells: 3 memorised, 5 levels left

rFire  + . .     SeeInvis .     c - +2 halberd (venom)
rCold  . . .     Clarity  .     R - +1 robe {rN+}
rNeg   + . .     SustAb   .     (no shield)
rPois  .         Gourm    .     (no helmet)
rElec  .         Spirit   .     J - +1 cloak
rCorr  .         Warding  .     (no gloves)
rMut   .         Stasis   .     (no barding)
MR     +....                    (no amulet)
Stlth  ++........               C - ring of protection from cold
                                I - +2 ring of intelligence

@: slow, somewhat resistant to hostile enchantments, unstealthy
A: fiery attack, fire resistance 1, slowness 1, tough skin 2, cold vulnerability
1
a: Renounce Religion


You were on level 7 of the Dungeon.
You worshipped Vehumet.
Vehumet was noncommittal.
You were not hungry.

You visited 2 branches of the dungeon, and saw 8 of its levels.

You collected 311 gold pieces.
You spent 135 gold pieces at shops.

Inventory:

Hand weapons
 a - a +1 whip of venom
 c - a +2 halberd of venom (weapon)
 d - a +0 shortbow
 P - a +2 spear of venom
 Q - the +3 flail of Voafy {flame, rF+, unknown}
   (You found it on level 5 of the Dungeon)

   It emits flame when wielded, causing extra injury to most foes and up to
   double damage against particularly susceptible opponents.
   It protects you from fire.
Missiles
 n - 65 arrows
 u - 86 stones (quivered)
 v - 17 poisoned needles
 K - 4 javelins
 L - 21 poisoned arrows
Armour
 l - a +0 buckler
 J - a +1 cloak (worn)
 R - a +1 robe of positive energy (worn)
Jewellery
 f - an uncursed amulet of rage
 o - an uncursed ring of wizardry
 C - a ring of protection from cold (right hand)
 I - a +2 ring of intelligence (left hand)
Magical devices
 y - a wand of frost (19)
 O - a wand of lightning (12)
Scrolls
 e - a scroll of enchant armour {unknown}
 h - 3 scrolls of remove curse
 i - 2 scrolls of amnesia {unknown}
 j - a scroll of enchant weapon {unknown}
 m - a scroll of blinking {unknown}
 p - 3 scrolls of recharging
 z - 2 scrolls of immolation {unknown}
 D - 2 scrolls of teleportation
 F - 2 scrolls of identify {unknown}
 H - a scroll of noise {unknown}
Potions
 g - 3 potions of agility
 k - a potion of haste {unknown}
 r - a potion of cancellation {unknown}
 s - 2 potions of curing {unknown}
 w - 2 potions of restore abilities {unknown}
 x - a potion of might {unknown}
 B - a potion of beneficial mutation {unknown}
 G - 3 potions of heal wounds {unknown}
 N - 3 potions of poison {unknown}
Books
 b - a book of Flames

   Spells                             Type                      Level
   *Flame Tongue                      Conjuration/Fire             1
   Throw Flame                        Conjuration/Fire             2
   *Conjure Flame                     Conjuration/Fire             3
   Inner Flame                        Hexes/Fire                   3
   *Sticky Flame                      Conjuration/Fire             4
   Fireball                           Conjuration/Fire             5
 M - a book of Wizardry

   Spells                             Type                      Level
   Agony                              Necromancy                   5
   Force Lance                        Conjuration                  5
   Dispersal                          Translocation                6
   Haste                              Charms                       6
   Invisibility                       Hexes                        6
   Spellforged Servitor               Conjuration/Summoning        7
Comestibles
 q - a chunk of flesh
 t - 4 meat rations
 A - 2 beef jerkies
 E - 4 bread rations


   Skills:
 - Level 4.3 Fighting
 - Level 4.0 Polearms
 - Level 2.0 Dodging
 + Level 2.6 Stealth
 - Level 3.2 Spellcasting
 + Level 5.7 Conjurations
 - Level 10.6 Fire Magic


You had 5 spell levels left.
You knew the following spells:

 Your Spells              Type           Power        Failure   Level  Hunger
a - Flame Tongue          Conj/Fire      ####.        1%          1    None
b - Conjure Flame         Conj/Fire      ####....     1%          3    ###....
c - Sticky Flame          Conj/Fire      ####....     6%          4    ####...


Dungeon Overview and Level Annotations

Branches:
Dungeon (7/15)             Temple (1/1) D:6

Altars:
Ashenzari
Cheibriados
Dithmenos
Elyvilon
Fedhas
Gozag
Kikubaaqudgha
Makhleb
Nemelex Xobeh
Okawaru
Qazlal
Ru
Sif Muna
Trog
Vehumet
Xom
Yredelemnul
Zin
The Shining One

Shops:
D:4 [

Annotations:
D:4 aardvark's ghost, experienced SaGl
D:6 Blork the orc
D:7 Samadhi's ghost, experienced SaFE


Innate Abilities, Weirdness & Mutations

You cannot wear boots.
Your flesh is heat resistant.
You cover ground slowly.
You have very tough skin (AC +2).
You are vulnerable to cold.


Message History

The orc warrior is lightly wounded.
The orc warrior misses you. The orc misses you.
Casting: Flame Tongue
Confirm with . or Enter, or press ? or * to list all spells.
Aiming: Flame Tongue
Press: ? - help, Shift-Dir - straight line, f/p - orc warrior
Aim: an orc warrior, wielding a dire flail and wearing a chain mail (lightly wounded, poisoned)
The flame tongue hits the orc warrior.
The orc warrior is moderately wounded.
The orc warrior closely misses you. The orc hits you but does no damage.
Casting: Flame Tongue
Confirm with . or Enter, or press ? or * to list all spells.
Aiming: Flame Tongue
Press: ? - help, Shift-Dir - straight line, f/p - orc warrior
Aim: an orc warrior, wielding a dire flail and wearing a chain mail (severely wounded, poisoned)
The flame tongue misses the orc warrior.
The orc warrior hits you with a dire flail!!
* * * LOW HITPOINT WARNING * * *
The orc hits you with a hand axe.
You die...

#####
#########...########
#.oo@o.##....[....<#
......l###.##...)#####[#
####. ###..........##)#
# #†...........##)#
#..o.o.#..........##.#
#.#......##..........#
##.######...##...... ...
#...##.?###.# .##
######.. .#


You could see an orc warrior, 2 orcs and a giant gecko.

Vanquished Creatures
  Eustachio (D:6)
  A phantom (D:6)
  2 ogres (D:5)
  2 centaurs
  3 scorpions
  2 crimson imps (D:6)
  A hound (D:6)
  3 goliath beetles (D:6)
  Crazy Yiuf (D:3)
  10 orc wizards
  4 worker ants
  A centaur skeleton (D:4)
  3 orc priests
  An iguana (D:5)
  Ijyb (D:6)
  8 adders
  6 gnolls
  2 worms
  23 orcs
  3 ball pythons
  6 giant cockroaches
  17 goblins
  14 hobgoblins
  10 jackals
  5 quokkas
  9 bats
  3 giant geckos
  6 giant newts
  2 gnoll zombies (D:5)
  9 kobolds
  9 rats
168 creatures vanquished.

Notes
Turn   | Place    | Note
--------------------------------------------------------------
     0 | D:1      | Samadhi, the Salamander Fire Elementalist, began the quest for the Orb.
     0 | D:1      | Reached XP level 1. HP: 14/14 MP: 3/3
   131 | D:1      | Reached XP level 2. HP: 20/20 MP: 0/5
   846 | D:2      | Reached XP level 3. HP: 26/26 MP: 5/7
   851 | D:2      | Learned a level 3 spell: Conjure Flame
   984 | D:2      | Found a snail-covered altar of Cheibriados.
  1053 | D:2      | Found a shadowy altar of Dithmenos.
  1389 | D:2      | Reached skill level 5 in Fire Magic
  1570 | D:2      | Reached XP level 4. HP: 29/33 MP: 4/8
  1964 | D:3      | Found a deep blue altar of Sif Muna.
  2098 | D:3      | Noticed Crazy Yiuf
  2117 | D:3      | Killed Crazy Yiuf
  2290 | D:3      | Reached XP level 5. HP: 34/38 MP: 8/11
  2358 | D:3      | Reached skill level 5 in Conjurations
  2578 | D:4      | Noticed aardvark's ghost (experienced SaGl)
  2813 | D:3      | Reached skill level 6 in Fire Magic
  2924 | D:3      | Reached skill level 1 in Fighting
  2924 | D:3      | Reached XP level 6. HP: 14/47 MP: 1/12
  3297 | D:4      | Reached skill level 7 in Fire Magic
  3443 | D:4      | Found Xaeng's Antique Armour Boutique.
  3446 | D:4      | Bought a runed cloak for 135 gold pieces
  3917 | D:5      | Entered Level 5 of the Dungeon
  3981 | D:5      | Reached skill level 8 in Fire Magic
  3981 | D:5      | Gained mutation: Your flesh is heat resistant. [salamander growth]
  3981 | D:5      | Gained mutation: You cover ground slowly. [salamander growth]
  3981 | D:5      | Reached XP level 7. HP: 56/56 MP: 7/14
  4239 | D:5      | Found a sparkling altar of Nemelex Xobeh.
  4400 | D:5      | Reached skill level 9 in Fire Magic
  4814 | D:5      | Learned a level 4 spell: Sticky Flame
  4822 | D:5      | Got a pitted flail
  4989 | D:5      | Found a basalt altar of Yredelemnul.
  5596 | D:6      | Noticed Ijyb
  5603 | D:6      | Killed Ijyb
  5726 | D:6      | Found a sacrificial altar of Ru.
  5953 | D:6      | Reached XP level 8. HP: 66/66 MP: 10/17
  5973 | D:6      | Found a bloodstained altar of Trog.
  5973 | D:6      | Found a glowing silver altar of Zin.
  6007 | D:6      | Reached skill level 10 in Fire Magic
  6273 | D:6      | Noticed Blork the orc
  6573 | D:6      | Reached skill level 1 in Polearms
  6594 | D:6      | Found a staircase to the Ecumenical Temple.
  6608 | Temple   | Entered the Ecumenical Temple
  6634 | Temple   | Became a worshipper of Vehumet
  6773 | D:6      | Noticed Eustachio
  6781 | D:6      | Killed Eustachio
  7276 | D:7      | Noticed Samadhi's ghost (experienced SaFE)
  7377 | D:7      | Slain by an orc

Action                   |  1- 3 |  4- 6 |  7- 9 || total
-------------------------+-------+-------+-------++-------
Melee: Dagger            |    14 |       |       ||    14
       Whip              |    11 |     9 |    31 ||    51
       Halberd           |       |       |    29 ||    29
Throw: Stone             |       |     1 |     2 ||     3
 Cast: Flame Tongue      |    67 |   133 |   166 ||   366
       Conjure Flame     |       |     3 |    10 ||    13
       Sticky Flame      |       |       |     1 ||     1
  Use: Scroll            |       |       |     3 ||     3
  Eat: Chunk             |     3 |     6 |     9 ||    18
       Royal jelly       |       |     1 |       ||     1
       Pizza             |       |     1 |       ||     1
       Fruit             |       |       |     3 ||     3
       Beef jerky        |       |       |     1 ||     1
